 Dungeon Crawl Stone Soup version 0.32-a0-314-g526f7d4993 (webtiles) character file.

Game seed: 6251241268984608690

282 IdlyInterested the Trooper (level 6, 0/46 (48) HPs)
             Began as a Demonspawn Fighter on Feb 15, 2024.
             Was an Initiate of Beogh.
             Slain by a phantom (5 damage)
             ... on level 4 of the Dungeon.
             The game lasted 00:09:59 (3141 turns).

IdlyInterested the Trooper (Demonspawn Fighter)     Turns: 3141, Time: 00:09:59

HP:   0/46 (48)     AC:  4    Str: 18    XL:     6   Next: 6%
MP:   6/6           EV: 11    Int:  9    God:    Beogh [......]
Gold: 90            SH:  4    Dex: 12    Spells: 5/5 levels left

rFire   . .          .
                       - Unarmed
rCold   . . .        b - +0 buckler
rNeg    . . .        z - +0 leather armour {Will+}
rPois   .            (helmet restricted)
rElec   .            (no cloak)
rCorr   .            (no gloves)
SInv    .            e - +0 pair of boots
Will    +....        (no amulet)
Stlth   +            (no ring)
HPRegen 0.27/turn    (no ring)
MPRegen 0.10/turn

%: no passive effects
@: lightly drained
A: antennae 1, foul stench 1, spiny 1
a: Renounce Religion


You were on level 4 of the Dungeon.
You worshipped Beogh.
Beogh was noncommittal.
You visited 1 branch of the dungeon, and saw 4 of its levels.

You collected 220 gold pieces.
You spent 130 gold pieces at shops.

Inventory:

Hand Weapons
 a - a +0 hand axe
 g - a +0 short sword
 t - a +0 spear
 x - a +0 flail
 y - a +0 quarterstaff
 A - a +0 dagger of speed
Missiles
 f - 64 stones
 s - 3 poisoned darts (quivered)
Armour
 b - a +0 buckler (worn)
 e - a +0 pair of boots (worn)
 u - a +0 chain mail
 z - a +0 leather armour of willpower (worn)
Wands
 r - a wand of roots (10)
Scrolls
 d - 2 scrolls of enchant weapon {unknown}
 i - 2 scrolls of enchant armour {unknown}
 k - a scroll of teleportation {unknown}
 l - a scroll of revelation {unknown}
 n - a scroll of blinking {unknown}
 o - a scroll of identify {unknown}
 p - a scroll of butterflies {unknown}
 q - 2 scrolls of vulnerability {unknown}
Potions
 c - a potion of haste {unknown}
 h - a potion of attraction {unknown}
 j - a potion of lignification {unknown}
 m - a potion of ambrosia {unknown}
 v - 2 potions of might
 w - a potion of resistance


   Skills:
 - Level 4.0 Fighting
 - Level 2.0 Throwing
 - Level 4.0 Armour
 - Level 2.0 Dodging
 - Level 1.0 Stealth
 + Level 2.7 Shields
 - Level 2.0 Unarmed Combat
 - Level 1.0 Evocations
 - Level 1.0 Shapeshifting


You had 5 spell levels left.
You didn't know any spells.
Your spell library contained the following spells:

 Spells                   Type           Power      Damage    Failure   Level
 Gell's Gravitas          Tloc           0%         N/A       88%         3
 Stone Arrow              Conj/Erth      0%         3d7       88%         3
 Teleport Other           Tloc           0%         N/A       88%         3
 Volatile Blastmotes      Fire/Tloc      0%         2d10      88%         3
 Animate Armour           Summ/Erth      0%         N/A       99%         4
 Animate Dead             Necr           0%         N/A       99%         4
 Fulminant Prism          Conj/Alch      0%         3d5       99%         4
 Iskenderun's Mystic Bla  Conj/Tloc      0%         2d3       99%         4
 Borgnjor's Vile Clutch   Necr/Erth      0%         N/A       100%        5
 Death Channel            Necr           0%         N/A       100%        6
 Dispersal                Tloc           0%         N/A       100%        6
 Lehudib's Crystal Spear  Conj/Erth      0%         10d2      100%        8


Dungeon Overview and Level Annotations

Branches:
Dungeon (4/15)
 Temple: D:4-7

Altars:
Trog

Shops:
D:3 !:(*[


Innate Abilities, Weirdness & Mutations

You have a pair of small antennae on your head.
You may rarely emit foul miasma when damaged in melee.
You are partially covered in sharp spines.


Message History

The phantom is severely damaged.
The phantom is struck by your spines.
The phantom hits you but does no damage.
You hit the phantom.
The phantom is severely damaged.
You block the phantom's attack.
You completely miss the phantom.
The phantom is severely damaged.
The phantom is struck by your spines. The phantom hits you.
You hit the phantom but do no damage.
The phantom is almost destroyed.
The dart slug launches a dart at you. The slug dart hits you.
The phantom hits you.
The phantom blinks!
You blink.
You hit the phantom.
The phantom is almost destroyed.
The phantom hits you.
The phantom blinks!
You blink.
You closely miss the phantom.
The phantom is almost destroyed.
The phantom is struck by your spines. The phantom hits you.
The phantom blinks!
You blink.
You hit the phantom.
The phantom is almost destroyed.
The phantom misses you.
You barely miss the phantom.
The phantom is almost destroyed.
The phantom hits you.
* * * LOW HITPOINT WARNING * * *
You emit a cloud of foul miasma!
You closely miss the phantom.
The phantom is almost destroyed.
The phantom hits you!
* * * LOW HITPOINT WARNING * * *
The phantom blinks!
You blink.
You barely miss the phantom.
The phantom is almost destroyed.
The phantom hits you but does no damage.
You hit the phantom.
The phantom is almost destroyed.
The phantom hits you.
You die...

.### #..#####.................
...##.#...# #..☼...............
...........##......#...........
.....#......)......#..§........
.....#................#..# ...
.....#....<.....#..##.##.##...
.......#......<....##........
## ...##........##.W..........#
.$# .#.#
#......###.@.........## ..#
.### ####......##........?##..#
...# #...#....#..J.........##
#...# ....#.......w..........##
...# ...#..#.........).......#
#.... ##.#######...).........
..## # # ##..........##$ .#
....#...........#
#.............##


You could see a phantom, a dart slug and an endoplasm.

Vanquished Creatures
  An ice beast (D:3)
  A bombardier beetle (D:4)
  5 adders (D:2)
  4 dart slugs
  2 ribbon worms (D:2)
  5 orcs
  2 ball pythons
  4 bats
  5 endoplasms
  2 giant cockroaches (D:2)
  6 goblins
  3 hobgoblins
  3 kobolds
  A quokka (D:1)
  3 frilled lizards
  4 rats
51 creatures vanquished.

Notes
Turn   | Place    | Note
-------+----------+-------------------------------------------
     0 | D:1      | IdlyInterested the Demonspawn Fighter began the quest for
                  | the Orb.
     0 | D:1      | Reached XP level 1. HP: 18/18 MP: 1/1
   111 | D:1      | Reached skill level 1 in Dodging
   111 | D:1      | Gained mutation: You may rarely emit foul miasma when
                  | damaged in melee. [demonic ancestry]
   111 | D:1      | Reached XP level 2. HP: 20/24 MP: 2/2
   217 | D:1      | Reached skill level 1 in Throwing
   344 | D:1      | Reached skill level 1 in Stealth
   461 | D:1      | Reached XP level 3. HP: 25/29 MP: 3/3
   861 | D:2      | Reached skill level 1 in Evocations
   926 | D:2      | Reached skill level 1 in Shapeshifting
  1048 | D:2      | Gained mutation: You are partially covered in sharp spines.
                  | [demonic ancestry]
  1048 | D:2      | Reached XP level 4. HP: 35/35 MP: 4/4
  1130 | D:2      | Found a faded altar of an unknown god.
  2327 | D:3      | Found Nihodali's Book Shoppe.
  2370 | D:3      | Found a bloodstained altar of Trog.
  2400 | D:3      | Found Wacos's Distillery.
  2414 | D:3      | Noticed an ice beast
  2433 | D:3      | Killed an ice beast
  2434 | D:3      | Reached XP level 5. HP: 6/42 MP: 5/5
  2621 | D:3      | Found Idghoivo's General Store.
  2670 | D:3      | Found Intaut's Armour Emporium.
  2755 | D:3      | Found Jagoe's Weapon Emporium.
  2910 | D:3      | Bought a potion of resistance for 130 gold pieces
  3082 | D:4      | Gained mutation: You have a pair of small antennae on your
                  | head. [demonic ancestry]
  3082 | D:4      | Reached XP level 6. HP: 48/48 MP: 6/6
  3123 | D:4      | Became a worshipper of Beogh the Shepherd
  3141 | D:4      | Slain by a phantom

Illustrated notes

Levels and vault maps discovered:
D:1:      evilmike_arrival_home_sweet_home, layout_basic,
          amcnicky_mini_corridor_feature
D:2:      layout_basic, serial_forest, infiniplex_forest_diagonal,
          infiniplex_forest_clump_C, infiniplex_forest_lined_3_way,
          infiniplex_forest_clump_medium, infiniplex_forest_lined_3,
          infiniplex_forest_end_1, hellmonk_ecumenical_altar_run_dry
D:3:      layout_basic, mainiacjoe_overflow_alcove_1, serial_shops, shop,
          nicolae_shop_tiny_statue_garden, shop_statue,
          nicolae_shop_behind_doors, shop
D:4:      layout_cave_pools

Skill      XL: |  1  2  3  4  5  6 |
---------------+-------------------+-----
Armour         | 3 4 |  4.0
Dodging        | 1 2 |  2.0
Throwing       | 1 2 |  2.0
Stealth        | 1 |  1.0
Evocations     | 1 |  1.0
Shapeshifting  | 1 |  1.0
Fighting       | 4 |  4.0
Unarmed Combat | 2 |  2.0
Shields        | |  2.7

Action                     |  1- 3 |  4- 6 || total
---------------------------+-------+-------++-------
  Melee: Unarmed           |   114 |   375 ||   489
  Throw: Stone             |     3 |       ||     3
         Dart              |       |     2 ||     2
 Invoke: Convert to Beogh  |       |     1 ||     1
    Use: Potion            |       |     1 ||     1
 Armour: Scale mail        |    78 |    27 ||   105
         Chain mail        |       |     9 ||     9
         Leather armour    |       |    30 ||    30
  Dodge: Dodged            |    54 |    39 ||    93
  Block: Buckler           |    25 |    20 ||    45

Table legend: (Time is in decaauts)
 A = Elapsed time spent in this place.
 B = Non-inter-level travel time spent in this place.
 C = Inter-level travel time spent in this place.
 D = Time resting spent in this place.
 E = Time spent auto-exploring this place.
 F = Levels seen in this place.
 G = Mean time per level.
                   A        B        C        D        E       F      G
               +--------+--------+--------+--------+--------+-----+--------+
         Total |   3141 |   2830 |    311 |    176 |   1730 |   4 |  785.2 |
       Dungeon |   3141 |   2830 |    311 |    176 |   1730 |   4 |  785.2 |
               +--------+--------+--------+--------+--------+-----+--------+

Top non-repeatable levels by time:
     D:2: 1477 daAuts
     D:1: 850 daAuts
     D:3: 607 daAuts
     D:4: 206 daAuts
